 Dungeon Crawl Stone Soup version 0.32-a0-791-gfc315c9ecd (webtiles) character file.

Game seed: 11946951828075179179

426 Ruich the Conjurer (level 6, -3/45 HPs)
             Began as a Demigod Conjurer on Mar 21, 2024.
             Slain by a gnoll
             ... wielding a +0 spear
              (6 damage)
             ... on level 4 of the Dungeon.
             The game lasted 00:10:59 (4848 turns).

Ruich the Conjurer (Demigod Conjurer)               Turns: 4848, Time: 00:10:59

Health: -3/45      AC:  6    Str:  8    XL:     6   Next: 37%
Magic:  4/23       EV:  1    Int: 28    God:
Gold:   446        SH:  0    Dex: 12    Spells: 0/11 levels left

rFire   . . .        d - +1 dagger
rCold   . . .        (no shield)
rNeg    + . .        a - +2 robe {rN+}
rPois   .            n - +0 helmet
rElec   .            r - +0 cloak
rCorr   .            (no gloves)
SInv    .            (no boots)
Will    +....        (no amulet)
Stlth   ++           j - ring of magical power
HPRegen 0.27/turn    l - ring of willpower
MPRegen 0.18/turn

%: no passive effects
@: constricted
A: high MP 1, forlorn, divine attributes
a: no special abilities


You were on level 4 of the Dungeon.
You visited 1 branch of the dungeon, and saw 4 of its levels.

You collected 1015 gold pieces.
You spent 569 gold pieces at shops.


Innate Abilities, Weirdness & Mutations

You have an increased reservoir of magic. (+10% MP)
You shall have no god before yourself.
Your divine heritage dramatically boosts your attributes as you level up.


   Skills:
 - Level 1.7 Dodging
 - Level 1.7 Stealth
 + Level 3.4 Spellcasting
 + Level 5.4 Conjurations
 * Level 3.2 Alchemy


You couldn't memorise any spells.
You knew the following spells:

 Your Spells              Type           Power      Damage    Failure   Level
f - Fulminant Prism       Conj/Alch      14%        3d8       13%         4
i - Iskenderun's Mystic   Conj/Tloc      20%        2d6       26%         4
m - Magic Dart            Conj           100%       1d8       1%          1
s - Searing Ray           Conj           70%        2d7       1%          2

Your spell library contained the following spells:

 Spells                   Type           Power      Damage    Failure   Level
 Shock                    Conj/Air       80%        1d8       2%          1
 Static Discharge         Conj/Air       40%        3-5/arc   3%          2
 Cigotuvi's Dreadful Rot  Necr/Alch/Air  20%        N/A       8%          2
 Swiftness                Air            4%         N/A       24%         3
 Ignite Poison            Fire/Alch      13%        N/A       38%         4
 Alistair's Intoxication  Alch           14%        N/A       50%         5
 Airstrike                Air            2%         2d(1-17)  61%         4
 Passage of Golubria      Tloc           4%         N/A       61%         4
 Summon Lightning Spire   Summ/Air       4%         N/A       61%         4
 Freezing Cloud           Conj/Ice/Air   7%         6-21      71%         5
 Borgnjor's Vile Clutch   Necr/Erth      2%         N/A       91%         5
 Silence                  Hex/Air        2%         N/A       91%         5
 Eringya's Noxious Bog    Alch           11%        4d6       97%         6
 Lehudib's Crystal Spear  Conj/Erth      10%        10d4      100%        8

Inventory:

Hand Weapons
 d - a +1 dagger (weapon)
Armour
 a - a +2 robe of positive energy (worn)
 n - a +0 helmet (worn)
 q - a +0 kite shield
 r - a +0 cloak (worn)
Jewellery
 j - a ring of magical power (left hand)
 l - a ring of willpower (right hand)
 o - a ring of positive energy
 p - a ring of resist corrosion
Scrolls
 e - a scroll of immolation
 h - a scroll of amnesia
Potions
 b - a potion of magic
 c - 2 potions of resistance
 f - a potion of heal wounds {unknown}
 g - 2 potions of brilliance
 i - a potion of cancellation {unknown}
 k - 3 potions of enlightenment {unknown}
 m - 2 potions of curing {unknown}

Dungeon Overview and Level Annotations

Branches:
Dungeon (4/15) Zot: 19142  Temple (0/1) D:4

Shops:
D:1 [

Annotations:
D:2 1 runed translucent door, Crazy Yiuf, Sigmund

#......##....#
#.#####...####.
#.....'........
#.#####...####.
#>........# #....#....#
#..>.#....#
####....##..##
########sS@.#..###..##
#........hg...........
#.......g.............#
#......gg..........<..#
#...).K...............
#....)................
#.....................
#......b........?.b...
#.....................


You could see a black bear, a scorpion, 3 gnolls, a hobgoblin, a ball python and
a kobold.


Message History

The blast of energy engulfs the scorpion!
The scorpion is almost dead.
A black bear comes into view.
Your magical contamination has completely faded away.
A gnoll comes into view. It is wielding a +0 flail.
A gnoll comes into view. It is wielding a +0 spear.
A gnoll comes into view. It is wielding a +0 spear.
A hobgoblin comes into view.
The scorpion stings you.
A kobold comes into view.
It is wielding a +0 dagger of holy wrath.
The scorpion stings you.
The ball python bites you but does no damage.
The scorpion attacks as it pursues you! The scorpion stings you.
* * * LOW HITPOINT WARNING * * *
The ball python bites you but does no damage.
The ball python closely misses you.
The ball python attacks as it pursues you!
The ball python barely misses you. The ball python grabs you.
The ball python constricts you.
The ball python's grasp on you weakens, but your attempt to escape fails.
The ball python completely misses you. The ball python constricts you.
The black bear bites you.
* * * LOW HITPOINT WARNING * * *
The black bear claws you but does no damage.
The black bear claws you.
* * * LOW HITPOINT WARNING * * *
x2 The ball python bites you but does no damage.
The ball python constricts you.
* * * LOW HITPOINT WARNING * * *
You die...

Skill      XL: |  1  2  3  4  5  6 |
---------------+-------------------+-----
Spellcasting   | 2 3 |  3.4
Conjurations   | 4 5 |  5.4
Alchemy        | 1 2 3 |  3.2
Dodging        | |  1.7
Stealth        | |  1.7

Action                     |  1- 3 |  4- 6 || total
---------------------------+-------+-------++-------
  Melee: Dagger            |       |    15 ||    15
   Cast: Magic Dart        |    70 |    76 ||   146
         Searing Ray       |     3 |     9 ||    12
         Fulminant Prism   |       |     4 ||     4
    Use: Scroll            |     6 |     4 ||    10
 Armour: Robe              |     1 |    31 ||    32
  Dodge: Dodged            |     3 |    21 ||    24

Levels and vault maps discovered:
D:1:      lightli_arrival_chessboard, layout_basic, serial_shops,
          nicolae_shop_tiny_statue_garden
D:2:      layout_loops_ring, minmay_misc_feat_chi, uniq_sigmund,
          uniq_crazy_yiuf_cottage, uniq_terence, uniq_natasha
D:3:      minmay_wonky_spiral, layout_loops_ring,
          dreamdust_ecumenical_altar_angels_and_demons, nrook_loot_triangle,
          uniq_robin
D:4:      layout_basic, minmay_temple_entry_butterflies,
          amcnicky_mini_rare_corridor_liquid, chequers_serial_rivers_small_b,
          uniq_ijyb

Notes
Turn   | Place    | Note
-------+----------+-------------------------------------------
     0 | D:1      | Ruich the Demigod Conjurer began the quest for the Orb.
     0 | D:1      | Reached XP level 1. HP: 14/14 MP: 5/5
   198 | D:1      | Reached skill level 2 in Spellcasting
   327 | D:1      | Reached XP level 2. HP: 20/20 MP: 4/7
   330 | D:1      | Learned a level 2 spell: Searing Ray
   363 | D:1      | Reached skill level 4 in Conjurations
   387 | D:1      | Found Kejozy's Antique Armour Shop.
   823 | D:2      | Noticed Sigmund
  1068 | D:2      | Found a runed translucent door.
  1069 | D:2      | Noticed Crazy Yiuf
  1096 | D:2      | Reached XP level 3. HP: 26/26 MP: 7/9
  1657 | D:2      | Noticed Natasha
  1663 | D:2      | Killed Natasha
  1813 | D:2      | Noticed Terence
  1824 | D:2      | Killed Terence
  1825 | D:2      | Reached XP level 4. HP: 33/33 MP: 3/10
  1887 | D:2      | Learned a level 4 spell: Fulminant Prism
  2248 | D:2      | Noticed Natasha
  2254 | D:2      | Killed Natasha
  2383 | D:3      | Reached skill level 5 in Conjurations
  2383 | D:3      | Reached skill level 1 in Alchemy
  2383 | D:3      | Reached XP level 5. HP: 20/38 MP: 2/12
  2578 | D:3      | Reached skill level 3 in Spellcasting
  2723 | D:3      | Identified 2 potions of resistance
  2888 | D:3      | Identified the +1 scale mail of Generosity {rN+ Dex+3}
  3019 | D:3      | Noticed Robin
  3118 | D:3      | Killed Robin
  3119 | D:3      | Reached skill level 2 in Alchemy
  3599 | D:3      | Identified a scroll of acquirement
  3599 | D:3      | Acquired 780 gold pieces
  3691 | D:1      | Bought a slimy helmet for 209 gold pieces
  3691 | D:1      | Identified the +1 helmet of Greed {Str-4 Dex+5} (You bought
                  | it in a shop on level 1 of the Dungeon)
  3691 | D:1      | Bought an embroidered robe for 81 gold pieces
  3691 | D:1      | Bought a kite shield for 99 gold pieces
  3691 | D:1      | Bought a cloak for 99 gold pieces
  3710 | D:1      | Bought a runed robe for 81 gold pieces
  4440 | D:4      | Reached XP level 6. HP: 45/45 MP: 8/14
  4593 | D:4      | Reached skill level 3 in Alchemy
  4657 | D:4      | Learned a level 4 spell: Iskenderun's Mystic Blast
  4787 | D:4      | Found a staircase to the Ecumenical Temple.
  4824 | D:4      | Noticed Ijyb
  4838 | D:4      | Killed Ijyb
  4848 | D:4      | HP: 3/45 [constriction (2)]
  4848 | D:4      | Slain by a gnoll

Vanquished Creatures
  A bullfrog (D:4)
  2 scorpions (D:3)
  Terence (D:2)
  Ijyb (D:4)
  Natasha (twice) (D:2)
  Robin (D:3)
  A gnoll (D:4)
  4 adders
  A ribbon worm (D:3)
  2 dart slugs
  2 orcs
  10 ball pythons
  11 endoplasms
  A giant cockroach (D:1)
  15 goblins
  6 hobgoblins
  7 kobolds
  A quokka (D:3)
  3 bats
  4 frilled lizards
  3 rats
  A butterfly (D:4)
80 creatures vanquished.

Vanquished Creatures (others)
  4 fulminant prisms (D:4)
4 creatures vanquished.

Grand Total: 84 creatures vanquished

Table legend: (Time is in decaauts)
 A = Elapsed time spent in this place.
 B = Non-inter-level travel time spent in this place.
 C = Inter-level travel time spent in this place.
 D = Time resting spent in this place.
 E = Time spent auto-exploring this place.
 F = Levels seen in this place.
 G = Mean time per level.
                   A        B        C        D        E       F      G
               +--------+--------+--------+--------+--------+-----+--------+
         Total |   4856 |   4651 |    205 |   1286 |   2723 |   4 | 1214.0 |
       Dungeon |   4856 |   4651 |    205 |   1286 |   2723 |   4 | 1214.0 |
               +--------+--------+--------+--------+--------+-----+--------+

Top non-repeatable levels by time:
     D:2: 1774 daAuts
     D:3: 1566 daAuts
     D:1: 921 daAuts
     D:4: 593 daAuts

Table legend:
 A = Non-vault XP
 B = Vault XP
 C = Vault XP percentage of total XP
 D = Non-vault monster count
 E = Vault monster count
 F = Vault count percentage of total count
                 A         B        C        D         E       F
            +---------+---------+-------+---------+---------+-------
      Total |     451 |     158 |  25.9 |      61 |      18 |  22.8
            +---------+---------+-------+---------+---------+-------
        D:1 |      27 |       0 |   0.0 |      17 |       0 |   0.0
        D:2 |      72 |      71 |  49.7 |      17 |       2 |  10.5
        D:3 |     206 |      52 |  20.2 |      14 |      15 |  51.7
        D:4 |     146 |      35 |  19.3 |      13 |       1 |   7.1
            +---------+---------+-------+---------+---------+-------
